 Dungeon Crawl Stone Soup version 0.24-a0-284-g9fb9971df1 (webtiles) character file.

Game seed: 4603640038309414229

121 Redear the Skirmisher (level 4, -4/37 HPs)
             Began as a Demonspawn Chaos Knight on May 6, 2019.
             Was a Plaything of Xom.
             Slain by an ogre
             ... wielding a +0 giant club
              (30 damage)
             ... on level 3 of the Dungeon.
             The game lasted 00:03:52 (2115 turns).

Redear the Skirmisher (Demonspawn Chaos Knight)     Turns: 2115, Time: 00:03:53

Health: -4/37      AC:  7    Str: 14    XL:     4   Next: 76%
Magic:  4/4        EV: 12    Int: 13    God:    Xom [.....*]
Gold:   53         SH:  0    Dex: 12    Spells: 3/3 levels left

rFire    . . .     SeeInvis .   f - +0 dagger
rCold    . . .     Gourm    .   (no shield)
rNeg     . . .     Faith    .   b - +2 leather armour
rPois    .         Spirit   .   j - +0 helmet
rElec    .         Reflect  .   m - scarf {repulsion}
rCorr    .         Harm     .   g - +0 pair of gloves
MR       .....                  (no boots)
Stlth    +.........             (no amulet)
HPRegen  0.12/turn              (no ring)
MPRegen  0.09/turn              (no ring)

@: repel missiles
A: talons 2, spiny 1
a: Renounce Religion


You were on level 3 of the Dungeon.
You worshipped Xom.
You were Xom's teddy bear.
You were not hungry.

You visited 1 branch of the dungeon, and saw 3 of its levels.

You collected 53 gold pieces.

Inventory:

Hand Weapons
 a - a +0 hand axe of chaos
 d - a +0 whip
 f - a +0 dagger (weapon)
 q - a +3 falchion
Armour
 b - a +2 leather armour (worn)
 g - a +0 pair of gloves (worn)
 j - a +0 helmet (worn)
 m - a scarf of repulsion (worn)
Scrolls
 c - 4 scrolls of identify {unknown}
 e - a scroll of teleportation {unknown}
 h - a scroll of fear {unknown}
 i - 4 scrolls of fog {unknown}
 k - a scroll of remove curse {unknown}
 l - a scroll of amnesia {unknown}
Potions
 n - a potion of curing {unknown}
 o - a potion of agility {unknown}
Comestibles
 z - 3 rations


   Skills:
 + Level 3.7 Fighting
 + Level 3.4 Axes
 + Level 2.8 Armour
 + Level 2.1 Dodging


You had 3 spell levels left.
You didn't know any spells.
Your spell library was empty.

Dungeon Overview and Level Annotations

Branches:
Dungeon (3/15)

Altars:


Innate Abilities, Weirdness & Mutations

You have razor-sharp toenails.
You are partially covered in sharp spines.


Message History

The ogre is moderately wounded.
The ogre stops glowing.
The ogre barely misses you.
You hit the ogre.
The ogre is moderately wounded.
The ogre is struck by your spines. The ogre hits you with a +0 giant club.
You take 6 damage, and have 25/37 hp.
You hit the ogre.
The ogre is heavily wounded.
You see here a bat corpse.
You hit the ogre.
The ogre is heavily wounded.
The ogre is struck by your spines. The ogre misses you.
You barely miss the ogre. You claw the ogre!
The ogre is almost dead.
The ogre closely misses you.
You closely miss the ogre. You claw the ogre, but do no damage.
The ogre is almost dead.
The ogre hits you with a +0 giant club!!
Ouch! That really hurt!
You die...

#.. #.. .## .(.
#.# ..####...
#.# $........
#.# #........
#.######........
#<....##§§§.....
##....##.§§O....
#†....@O§§.....
##.####§#§.....
#.# #§# .....
### ..# .... ###
###


You could see an ogre.

Vanquished Creatures
  4 adders (D:2)
  2 worms (D:2)
  3 dart slugs (D:1)
  6 leopard geckos
  7 bats
  4 giant cockroaches
  12 goblins
  10 hobgoblins
  A quokka (D:2)
  5 frilled lizards
  7 kobolds
  3 rats (D:1)
64 creatures vanquished.

Notes
Turn   | Place    | Note
-------+----------+-------------------------------------------
     0 | D:1      | Redear the Demonspawn Chaos Knight began the quest for the
                  | Orb.
     0 | D:1      | Reached XP level 1. HP: 18/18 MP: 1/1
    32 | D:1      | Reached skill level 1 in Dodging
    48 | D:1      | XOM: silly message
    88 | D:1      | Reached skill level 2 in Armour
    91 | D:1      | Gained mutation: You have sharp toenails. [demonic
                  | ancestry]
    91 | D:1      | Reached XP level 2. HP: 15/24 MP: 2/2
   440 | D:1      | Reached skill level 3 in Axes
   494 | D:1      | Gained mutation: You have razor-sharp toenails. [demonic
                  | ancestry]
   494 | D:1      | Reached XP level 3. HP: 19/29 MP: 3/3
  1128 | D:2      | XOM: harmless Tmut miscast
  1529 | D:2      | Gained mutation: You are partially covered in sharp spines.
                  | [demonic ancestry]
  1529 | D:2      | Reached XP level 4. HP: 29/35 MP: 4/4
  1544 | D:2      | Reached skill level 2 in Dodging
  1615 | D:2      | Noticed Terence
  1620 | D:2      | XOM: chaos cloud
  1625 | D:2      | Noticed Terence
  1625 | D:2      | Terence changed into Terence the hobgoblin
  1629 | D:2      | Killed Terence the hobgoblin
  1631 | D:2      | XOM: 2-stop teleportation journey
  2101 | D:3      | Noticed an ogre
  2102 | D:3      | XOM: fake destruction
  2104 | D:3      | XOM: fog
  2115 | D:3      | Slain by an ogre

Levels and vault maps discovered:
D:1:      mrwooster_arrival_statue_3, layout_loops_ring, hex_tiny, st_stairs_14,
          hangedman_decor_push
D:2:      layout_loops_ring, first_ration, minmay_hexomino_u4, uniq_terence
D:3:      layout_basic

Skill      XL: |  1  2  3  4 |
---------------+-------------+-----
Dodging        | 1 2 |  2.1
Armour         | 2 |  2.8
Axes           | 3 |  3.4
Fighting       | |  3.7

Action                   |  1- 3 |  4- 6 || total
-------------------------+-------+-------++-------
Melee: Whip              |    21 |       ||    21
       Hand axe          |     7 |       ||     7
       Dagger            |   150 |    45 ||   195
       Kick              |    44 |    14 ||    58
 Stab: Invisible         |       |     1 ||     1
  Eat: Chunk             |     2 |     2 ||     4
Armor: Leather armour    |    47 |    11 ||    58
Dodge: Dodged            |    85 |    22 ||   107
       Deflected         |     1 |       ||     1

Table legend:
 A = Non-vault XP
 B = Vault XP
 C = Vault XP percentage of total XP
 D = Non-vault monster count
 E = Vault monster count
 F = Vault count percentage of total count
                 A         B        C        D         E       F
            +---------+---------+-------+---------+---------+-------
      Total |     140 |      33 |  19.1 |      56 |       8 |  12.5
            +---------+---------+-------+---------+---------+-------
        D:1 |      65 |       5 |   7.1 |      34 |       2 |   5.6
        D:2 |      69 |      28 |  28.9 |      19 |       6 |  24.0
        D:3 |       6 |       0 |   0.0 |       3 |       0 |   0.0
            +---------+---------+-------+---------+---------+-------
